 Dungeon Crawl Stone Soup version 0.28-a0-845-gfc338a8e3c (webtiles) character file.

Game seed: 14418520066957588872

15253 Woods the Martial Artist (level 12, -5/91 HPs)
             Began as a Gnoll Transmuter on Nov 12, 2021.
             Was a High Priest of Cheibriados.
             Succumbed to Nessos's poison
             ... on level 12 of the Dungeon.
             The game lasted 00:22:40 (11601 turns).

Woods the Martial Artist (Gnoll Transmuter)        Turns: 11601, Time: 00:22:40

Health: -5/91      AC:  6    Str: 25    XL:     12   Next: 25%
Magic:  21/24      EV: 33    Int: 30    God:    Cheibriados [*****.]
Gold:   688        SH:  0    Dex: 32    Spells: 13/28 levels left

rFire   . . .      SeeInvis .     - Unarmed
rCold   . . .      Faith    .   (shield currently unavailable)
rNeg    . . .      Spirit   .   (armour currently unavailable)
rPois   x          Reflect  .   (helmet currently unavailable)
rElec   .          Harm     .   (cloak currently unavailable)
rCorr   .          Rampage  .   (gloves currently unavailable)
Will    .....                   (boots currently unavailable)
Stlth   +++++.....              p - amulet of regeneration
HPRegen 1.25/turn               b - +4 ring of protection
MPRegen 0.19/turn               (no ring)

@: lethally poisoned (-5 -> -68), spider-form, very slow
A: venomous fangs, tiny, (fangs 1), strong nose, distributed training
a: End Transformation, Renounce Religion, Bend Time, Temporal Distortion,
Slouch, Step From Time


You were on level 12 of the Dungeon.
You worshipped Cheibriados.
Cheibriados was extremely pleased with you.
You were a venomous arachnid creature.
You visited 1 branch of the dungeon, and saw 12 of its levels.

You collected 688 gold pieces.

Inventory:

Armour
 a - a +0 robe
 v - a scarf of resistance (melded)
 w - a +0 cloak
 A - a +0 pair of boots (melded)
 B - the +5 robe of Night (melded) {Dark Will+ SInv}
   (You found it on level 7 of the Dungeon)

   It shrouds the wearer in darkness, reducing the range at which they can see
   and be seen by others.
   SInv:      It lets you see invisible.
   Will:      It increases your willpower.
 D - a +0 pair of gloves (melded)
 I - a +1 hat of intelligence (melded)
Jewellery
 b - a +4 ring of protection (left front leg)
 p - an amulet of regeneration (around neck)
 E - a ring of see invisible
 H - a ring of resist corrosion
 J - a ring of poison resistance
Wands
 h - a wand of iceblast (7)
 r - a wand of acid (22)
 u - a wand of paralysis (9)
 G - a wand of digging (6)
Scrolls
 f - 2 scrolls of amnesia {unknown}
 j - 2 scrolls of teleportation
 k - 6 scrolls of identify
 m - 2 scrolls of vulnerability {unknown}
 n - 2 scrolls of magic mapping {unknown}
 t - 2 scrolls of enchant weapon
 x - 2 scrolls of fear {unknown}
 y - a scroll of torment {unknown}
 z - a scroll of immolation {unknown}
 C - 3 scrolls of acquirement {unknown}
 F - a scroll of noise {unknown}
Potions
 c - 5 potions of flight {unknown}
 d - 3 potions of cancellation {unknown}
 g - 3 potions of ambrosia
 i - 2 potions of lignification {unknown}
 l - 3 potions of curing
 o - 2 potions of heal wounds {unknown}
 q - a potion of berserk rage {unknown}
 s - a potion of haste {unknown}
 K - a potion of degeneration {unknown}


   Skills:
 + Level 7.6 Fighting
 + Level 7.1 Short Blades
 + Level 7.1 Long Blades
 + Level 7.1 Axes
 + Level 7.1 Maces & Flails
 + Level 7.1 Polearms
 + Level 7.1 Staves
 + Level 7.1 Slings
 + Level 7.1 Bows
 + Level 7.1 Crossbows
 + Level 7.1 Throwing
 + Level 7.1 Armour
 + Level 8.5 Dodging
 + Level 7.1 Stealth
 + Level 7.1 Shields
 + Level 9.7 Unarmed Combat
 + Level 8.8 Spellcasting
 + Level 5.9 Conjurations
 + Level 5.9 Hexes
 + Level 5.9 Summonings
 + Level 5.9 Necromancy
 + Level 5.9 Translocations
 + Level 7.1 Transmutations
 + Level 5.9 Fire Magic
 + Level 5.9 Ice Magic
 + Level 5.9 Air Magic
 + Level 5.9 Earth Magic
 + Level 5.9 Poison Magic
 + Level 7.8 Invocations
 + Level 7.1 Evocations


You had 13 spell levels left.
You knew the following spells:

 Your Spells              Type           Power      Damage    Failure   Level
a - Beastly Appendage     Tmut           100%       N/A       2%          1
b - Wereblood             Tmut           54%        N/A       2%          2
c - Spider Form           Tmut/Pois      51%        N/A       4%          3
d - Ice Form              Ice/Tmut       51%        N/A       10%         4
e - Irradiate             Conj/Tmut      25%        3d22      21%         5

Your spell library contained the following spells:

 Spells                   Type           Power      Damage    Failure   Level
 Sublimation of Blood     Necr           48%        N/A       3%          2
 Petrify                  Tmut/Erth      51%        N/A       10%         4
 Animate Dead             Necr           24%        N/A       12%         4
 Borgnjor's Vile Clutch   Necr/Erth      24%        N/A       24%         5
 Metabolic Englaciation   Hex/Ice        24%        N/A       24%         5
 Statue Form              Tmut/Erth      34%        N/A       61%         6
 Death Channel            Necr           24%        N/A       69%         6


Dungeon Overview and Level Annotations

Branches:
Dungeon (12/15)            Temple (0/1) D:4            Lair (0/6) D:10
    Orc (0/2) D:9

Altars:
Cheibriados
Elyvilon
Hepliaklqana
Okawaru
Sif Muna
Uskayaw
The Shining One

Shops:
D:1 !

Annotations:
D:11 2 transporters, Anno's ghost, novice FeEn
D:12 Nessos


Innate Abilities, Weirdness & Mutations

You are a venomous arachnid creature.
You have poisonous fangs.
You are tiny and dextrous.
Your spellcasting is less reliable in this form.
Your armour is entirely melded.
You are incapable of wielding weapons or throwing items.
((You have very sharp teeth.))
Your uncanny sense of smell can sniff out nearby items.
Your experience applies equally to all skills.


Message History

Nessos shoots an arrow.
The arrow barely misses you. The unseen horror closely misses you.
Nessos shoots an arrow.
The arrow hits you.
You are poisoned.
Nessos shoots an arrow.
The arrow closely misses the unseen horror.
The arrow hits you! The arrow burns you.
You are more poisoned.
The unseen horror moves out of view.
Casting: Spider Form (safe; 1% risk of failure)
Confirm with . or Enter, or press ? or * to list all spells.
You turn into a venomous arachnid creature.
Your scarf of resistance melds into your body.
Your +1 hat of intelligence melds into your body.
Your +0 pair of gloves melds into your body.
Your +0 pair of boots melds into your body.
The +5 robe of Night {Dark Will+ SInv} melds into your body.
You feel hot and cold all over.
You feel stupid. The light returns to your surroundings.
You feel very sick. Something hits you!
Deactivating autopickup; reactivate with Ctrl-A.
Nessos mumbles some strange words.
Nessos blinks!
You feel very sick. Something completely misses you.
Nessos shoots an arrow.
The arrow hits you! The arrow burns you!
You are more poisoned.
Nessos shoots an arrow.
The arrow hits you!
* * * LOW HITPOINT WARNING * * *
The arrow burns you!
You are more poisoned.
* * * LOW HITPOINT WARNING * * *
Nessos intently looks at you, slowly moving their tail.
Nessos shoots an arrow.
The arrow closely misses you.
Blink to where?
Press: ? - help, Dir - move target
As you read the scroll of blinking, it crumbles to dust.
You die...

############
#.s.......<#
#......{.ยง.#
#..........#
#..........#
#.........c..
#..........#..
...........##.+
#..........# ##
..........#


There were no monsters in sight!

Vanquished Creatures
  A hydra (D:11)
  A two-headed ogre (D:11)
  2 deep elf pyromancers
  A cyclops (D:11)
  Maggie (D:8)
  An unseen horror (D:11)
  3 kobold demonologists
  A hornet (D:9)
  A troll (D:9)
  5 dream sheep (D:7)
  2 wyverns
  Sigmund (D:6)
  3 shadows
  18 yaks
  A wraith (D:9)
  2 steam dragons (D:8)
  5 vampire mosquitoes (D:11)
  Menkaure (D:7)
  An acid dragon (D:10)
  A water moccasin (D:9)
  4 sky beasts
  A black bear (D:6)
  6 orc warriors
  A necrophage (D:4)
  6 ogres
  21 kobold brigands
  3 scorpions
  A bullfrog (D:7)
  2 gnoll sergeants (D:9)
  A water moccasin zombie (D:5)
  A wyvern skeleton (D:5)
  6 killer bees (D:8)
  2 water moccasin skeletons
  3 wights (D:10)
  A howler monkey (D:7)
  4 centaur zombies
  6 orc priests
  A jelly (D:6)
  Crazy Yiuf (D:7)
  5 centaur skeletons
  Natasha (thrice) (D:3)
  An iguana (D:6)
  7 orc wizards
  A killer bee zombie (D:7)
  A hound skeleton (D:3)
  12 gnolls
  4 adders
  A white imp (D:8)
  4 worms
  A dart slug (D:4)
  22 orcs
  3 ball pythons
  7 endoplasms
  2 giant cockroaches (D:4)
  7 goblins
  6 hobgoblins
  25 kobolds
  7 quokkas
  2 bats
  3 frilled lizards
  5 rats
  A spectral kobold (D:11)
253 creatures vanquished.

Vanquished Creatures (others)
  A kobold (D:8)
  13 plants (D:2)
14 creatures vanquished.

Grand Total: 267 creatures vanquished

Notes
Turn   | Place    | Note
-------+----------+-------------------------------------------
     0 | D:1      | Woods the Gnoll Transmuter began the quest for the Orb.
     0 | D:1      | Reached XP level 1. HP: 17/17 MP: 6/6
   625 | D:1      | Reached XP level 2. HP: 23/23 MP: 5/7
  1056 | D:1      | Found Irexyon's Distillery.
  1063 | D:1      | Reached XP level 3. HP: 28/28 MP: 7/9
  1256 | D:1      | Reached skill level 5 in Spellcasting
  1372 | D:1      | Reached skill level 1 in Invocations
  1623 | D:2      | Reached skill level 1 in Short Blades
  1623 | D:2      | Reached skill level 1 in Long Blades
  1623 | D:2      | Reached skill level 1 in Axes
  1623 | D:2      | Reached skill level 1 in Maces & Flails
  1623 | D:2      | Reached skill level 1 in Polearms
  1623 | D:2      | Reached skill level 1 in Staves
  1623 | D:2      | Reached skill level 1 in Slings
  1623 | D:2      | Reached skill level 1 in Bows
  1623 | D:2      | Reached skill level 1 in Crossbows
  1623 | D:2      | Reached skill level 1 in Throwing
  1623 | D:2      | Reached skill level 1 in Armour
  1623 | D:2      | Reached skill level 1 in Stealth
  1623 | D:2      | Reached skill level 1 in Shields
  1623 | D:2      | Reached skill level 1 in Evocations
  1639 | D:2      | Learned a level 2 spell: Wereblood
  1643 | D:2      | Learned a level 3 spell: Spider Form
  1744 | D:2      | Reached XP level 4. HP: 34/34 MP: 9/11
  1945 | D:2      | Found a faded altar of an unknown god.
  2014 | D:2      | Reached skill level 1 in Conjurations
  2014 | D:2      | Reached skill level 1 in Hexes
  2014 | D:2      | Reached skill level 1 in Summonings
  2014 | D:2      | Reached skill level 1 in Necromancy
  2014 | D:2      | Reached skill level 1 in Translocations
  2014 | D:2      | Reached skill level 1 in Fire Magic
  2014 | D:2      | Reached skill level 1 in Ice Magic
  2014 | D:2      | Reached skill level 1 in Air Magic
  2014 | D:2      | Reached skill level 1 in Earth Magic
  2014 | D:2      | Reached skill level 1 in Poison Magic
  2531 | D:3      | Reached XP level 5. HP: 40/40 MP: 12/12
  2595 | D:3      | Noticed Natasha
  2608 | D:3      | Killed Natasha
  2757 | D:3      | Noticed Natasha
  2781 | D:3      | Killed Natasha
  3089 | D:3      | Reached XP level 6. HP: 27/47 MP: 13/13
  3147 | D:3      | Noticed Natasha
  3152 | D:3      | Killed Natasha
  3474 | D:4      | Found a snail-covered altar of Cheibriados.
  3479 | D:4      | Identified the +2 hand axe of the Sun {flame, Drain rPois
                  | Str+2}
  3492 | D:4      | Became a worshipper of Cheibriados the Contemplative
  3660 | D:4      | Found a staircase to the Ecumenical Temple.
  3733 | D:4      | Reached skill level 5 in Dodging
  3903 | D:4      | Noticed a necrophage
  3913 | D:4      | Killed a necrophage
  3914 | D:4      | Reached XP level 7. HP: 51/52 MP: 12/15
  4260 | D:4      | Found a white marble altar of Elyvilon.
  4512 | D:5      | Entered Level 5 of the Dungeon
  4552 | D:5      | Reached skill level 7 in Unarmed Combat
  4566 | D:5      | Reached * piety under Cheibriados
  5033 | D:5      | Reached XP level 8. HP: 35/60 MP: 14/16
  6100 | D:6      | Noticed Sigmund
  6133 | D:5      | Reached ** piety under Cheibriados
  6263 | D:6      | Killed Sigmund
  6465 | D:7      | Reached skill level 5 in Transmutations
  6465 | D:7      | Reached XP level 9. HP: 66/66 MP: 15/18
  6489 | D:7      | Found an iron altar of Okawaru.
  6489 | D:7      | Found a shimmering blue altar of Sif Muna.
  6490 | D:7      | Found a glowing golden altar of the Shining One.
  6490 | D:7      | Found a hide-covered altar of Uskayaw.
  6513 | D:7      | Found a runed translucent door.
  6514 | D:7      | Noticed Crazy Yiuf
  6689 | D:7      | Noticed Menkaure
  7063 | D:7      | Reached skill level 5 in Fighting
  7094 | D:7      | Reached skill level 8 in Unarmed Combat
  7262 | D:7      | Reached skill level 5 in Invocations
  7311 | D:7      | Reached XP level 10. HP: 23/74 MP: 13/20
  7358 | D:7      | Found the +5 robe of Night {Dark Will+ SInv}
  7507 | D:7      | Killed Menkaure
  7603 | D:7      | Killed Crazy Yiuf
  7707 | D:8      | Reached *** piety under Cheibriados
  7708 | D:8      | Reached skill level 5 in Short Blades
  7708 | D:8      | Reached skill level 5 in Long Blades
  7708 | D:8      | Reached skill level 5 in Axes
  7708 | D:8      | Reached skill level 5 in Maces & Flails
  7708 | D:8      | Reached skill level 5 in Polearms
  7708 | D:8      | Reached skill level 5 in Staves
  7708 | D:8      | Reached skill level 5 in Slings
  7708 | D:8      | Reached skill level 5 in Bows
  7708 | D:8      | Reached skill level 5 in Crossbows
  7708 | D:8      | Reached skill level 5 in Throwing
  7708 | D:8      | Reached skill level 5 in Armour
  7708 | D:8      | Reached skill level 5 in Stealth
  7708 | D:8      | Reached skill level 5 in Shields
  7708 | D:8      | Reached skill level 5 in Evocations
  7802 | D:8      | Noticed a kobold demonologist
  7864 | D:8      | Identified the +6 spear of Rebruniz {freeze, rPois rC-
                  | Dex+6}
  8048 | D:8      | Killed a kobold demonologist
  8171 | D:8      | Reached **** piety under Cheibriados
  8441 | D:8      | Noticed Maggie
  8760 | D:8      | Killed Maggie
  8761 | D:8      | Reached XP level 11. HP: 72/83 MP: 19/22
  9023 | D:9      | Reached skill level 9 in Unarmed Combat
  9081 | D:9      | Reached ***** piety under Cheibriados
  9385 | D:9      | Noticed a death knight
  9385 | D:9      | Noticed a skeletal warrior
  9389 | D:9      | Noticed a phantasmal warrior
  9400 | D:9      | HP: 2/74 [skeletal warrior[a death knight] (8)]
  9490 | D:9      | Found a staircase to the Orcish Mines.
  9498 | D:9      | Reached skill level 5 in Conjurations
  9498 | D:9      | Reached skill level 5 in Hexes
  9498 | D:9      | Reached skill level 5 in Summonings
  9498 | D:9      | Reached skill level 5 in Necromancy
  9498 | D:9      | Reached skill level 5 in Translocations
  9498 | D:9      | Reached skill level 5 in Fire Magic
  9498 | D:9      | Reached skill level 5 in Ice Magic
  9498 | D:9      | Reached skill level 5 in Air Magic
  9498 | D:9      | Reached skill level 5 in Earth Magic
  9498 | D:9      | Reached skill level 5 in Poison Magic
 10002 | D:10     | Entered Level 10 of the Dungeon
 10099 | D:10     | Learned a level 4 spell: Ice Form
 10113 | D:10     | Noticed a deep elf pyromancer
 10120 | D:10     | Noticed a sun demon
 10123 | D:10     | Noticed a soul eater
 10133 | D:10     | Killed a deep elf pyromancer
 10459 | D:10     | Found a staircase to the Lair.
 10762 | D:11     | Noticed an eight-headed hydra
 10769 | D:11     | Killed an eight-headed hydra
 10791 | D:11     | Found a transporter.
 10793 | D:11     | Noticed a two-headed ogre
 10794 | D:11     | Noticed Anno's ghost (novice FeEn)
 10800 | D:11     | Killed a two-headed ogre
 10869 | D:11     | Reached XP level 12. HP: 91/91 MP: 22/24
 10889 | D:11     | Learned a level 5 spell: Irradiate
 11007 | D:11     | Found a transporter.
 11549 | D:11     | Found a hazy altar of Hepliaklqana.
 11597 | D:12     | Noticed Nessos
 11601 | D:12     | Succumbed to Nessos's poison

Illustrated notes

Levels and vault maps discovered:
D:1:      wander_arrival_lonely_grave, layout_basic, serial_shops, shop
D:2:      wad_woods_settlement, layout_basic,
          hellmonk_ecumenical_altar_crossroads
D:3:      layout_loops_cross, uniq_natasha
D:4:      layout_loops_ring, elyvilon_altar_1, kennysheep_slug_shrine,
          minmay_temple_entry_ruins
D:5:      layout_basic, hangedman_abyss_or_decor_passed
D:6:      layout_loops_cross, uniq_sigmund
D:7:      layout_basic, chequers_temple_overflow_statue_of_worship,
          grunt_decor_cap, hellmonk_guarded_unrand_night,
          uniq_crazy_yiuf_cottage, uniq_menkaure
D:8:      layout_cave_pools, special_room [special_room_kobold],
          dk_noncrumbling_4, uniq_maggie
D:9:      layout_basic, kennysheep_orc_monster_closet_entryway,
          minmay_crystal_room
D:10:     layout_cave_pools, lair_entry_dummy, minmay_hedge_maze,
          chequers_serial_rivers_small_a, lemuel_old_faithful
D:11:     layout_irregular_city, gammafunk_ghost_stat_death,
          nicolae_hepliaklqana_monster_ancestors
D:12:     layout_roguey, uniq_nessos

Skill      XL: |  1  2  3  4  5  6  7  8  9 10 11 12 |
---------------+-------------------------------------+-----
Spellcasting   | 5 6 7 8 |  8.8
Invocations    | 1 2 3 4 5 6 7 |  7.8
Short Blades   | 1 2 3 4 5 6 7 |  7.1
Long Blades    | 1 2 3 4 5 6 7 |  7.1
Axes           | 1 2 3 4 5 6 7 |  7.1
Maces & Flails | 1 2 3 4 5 6 7 |  7.1
Polearms       | 1 2 3 4 5 6 7 |  7.1
Staves         | 1 2 3 4 5 6 7 |  7.1
Slings         | 1 2 3 4 5 6 7 |  7.1
Bows           | 1 2 3 4 5 6 7 |  7.1
Crossbows      | 1 2 3 4 5 6 7 |  7.1
Throwing       | 1 2 3 4 5 6 7 |  7.1
Armour         | 1 2 3 4 5 6 7 |  7.1
Stealth        | 1 2 3 4 5 6 7 |  7.1
Shields        | 1 2 3 4 5 6 7 |  7.1
Evocations     | 1 2 3 4 5 6 7 |  7.1
Conjurations   | 1 2 3 4 5 |  5.9
Hexes          | 1 2 3 4 5 |  5.9
Summonings     | 1 2 3 4 5 |  5.9
Necromancy     | 1 2 3 4 5 |  5.9
Translocations | 1 2 3 4 5 |  5.9
Fire Magic     | 1 2 3 4 5 |  5.9
Ice Magic      | 1 2 3 4 5 |  5.9
Air Magic      | 1 2 3 4 5 |  5.9
Earth Magic    | 1 2 3 4 5 |  5.9
Poison Magic   | 1 2 3 4 5 |  5.9
Fighting       | 3 4 5 6 7 |  7.6
Transmutations | 4 5 6 7 |  7.1
Dodging        | 5 6 7 8 |  8.5
Unarmed Combat | 7 8 9 |  9.7

Action                   |  1- 3 |  4- 6 |  7- 9 | 10-12 || total
-------------------------+-------+-------+-------+-------++-------
Melee: Unarmed           |    71 |   127 |   231 |   499 ||   928
       Headbutt          |    16 |    16 |     1 |     8 ||    41
       Bite              |     4 |     5 |       |     8 ||    17
       Kick              |    11 |    24 |     1 |     8 ||    44
       Punch             |     1 |       |       |     1 ||     2
 Cast: Beastly Appendage |    24 |    24 |     1 |     3 ||    52
       Spider Form       |       |     2 |    33 |    40 ||    75
       Wereblood         |       |       |     1 |     4 ||     5
       Ice Form          |       |       |       |     2 ||     2
       Irradiate         |       |       |       |     2 ||     2
 Abil: End Transformatio |       |       |       |     4 ||     4
  Use: Scroll            |       |       |     5 |     5 ||    10
       Potion            |       |       |       |     1 ||     1
 Stab: Sleeping          |       |     1 |     7 |     4 ||    12
       Distracted        |       |       |     1 |       ||     1
Armor: Robe              |    11 |    24 |     4 |    28 ||    67
       Skin              |       |     1 |    22 |    53 ||    76
Dodge: Dodged            |    37 |    69 |   200 |   727 ||  1033

Table legend: (Time is in decaauts)
 A = Elapsed time spent in this place.
 B = Non-inter-level travel time spent in this place.
 C = Inter-level travel time spent in this place.
 D = Time resting spent in this place.
 E = Time spent auto-exploring this place.
 F = Levels seen in this place.
 G = Mean time per level.
                   A        B        C        D        E       F      G
               +--------+--------+--------+--------+--------+-----+--------+
         Total |  14867 |  14358 |    509 |    616 |  10525 |  12 | 1238.9 |
       Dungeon |  14867 |  14358 |    509 |    616 |  10525 |  12 | 1238.9 |
               +--------+--------+--------+--------+--------+-----+--------+

Top non-repeatable levels by time:
     D:9: 1895 daAuts
     D:7: 1682 daAuts
     D:8: 1579 daAuts
     D:1: 1441 daAuts
    D:11: 1419 daAuts
     D:5: 1290 daAuts
     D:4: 1231 daAuts
    D:10: 1209 daAuts
     D:6: 1099 daAuts
     D:2: 1038 daAuts
     D:3: 972 daAuts
    D:12: 7 daAuts
